 Dungeon Crawl Stone Soup version 0.30-a0-858-g707647d (webtiles) character file.

Game seed: 2354868940303692936

282 Think the Ducker (level 6, -1/42 HPs)
             Began as an Octopode Fighter on Mar 5, 2023.
             Was a Plaything of Xom.
             Slain by a phantom (5 damage)
             ... on level 4 of the Dungeon.
             The game lasted 00:10:48 (2619 turns).

Think the Ducker (Octopode Fighter)                 Turns: 2619, Time: 00:10:49

Health: -1/42      AC:  1    Str: 15    XL:     6   Next: 28%
Magic:  6/6        EV: 15    Int: 11    God:    Xom [.....*]
Gold:   201        SH:  4    Dex: 13    Spells: 5/5 levels left

rFire   . . .      SeeInvis .    a - +0 long sword
rCold   . . .      Faith    .    b - +0 buckler
rNeg    . . .      Spirit   .    (helmet restricted)
rPois   +          Reflect  .    (no amulet)
rElec   .          Rampage  .    o - ring of poison resistance
rCorr   .                        (no ring)
Will    .....                    (no ring)
Stlth   ++                       (no ring)
HPRegen 0.27/turn                (no ring)
MPRegen 0.10/turn                (no ring)
                                 (no ring)
                                 (no ring)

@: no status effects
A: almost no armour, amphibious, 8 rings, camouflage 1, gelatinous body 1,
(nimble swimmer 1), tentacles
a: Renounce Religion


You were on level 4 of the Dungeon.
You worshipped Xom.
You were Xom's teddy bear.
You visited 1 branch of the dungeon, and saw 4 of its levels.

You collected 201 gold pieces.

Inventory:

Hand Weapons
 a - a +0 long sword (weapon)
 d - a +0 dagger
Armour
 b - a +0 buckler (worn)
Jewellery
 o - a ring of poison resistance (left tentacle)
Wands
 h - a wand of charming (13)
Scrolls
 c - a scroll of immolation {unknown}
 e - 4 scrolls of teleportation {unknown}
 f - a scroll of poison {unknown}
 i - 3 scrolls of blinking {unknown}
 j - 4 scrolls of identify {unknown}
 n - a scroll of fog {unknown}
 r - 2 scrolls of brand weapon {unknown}
Potions
 g - a potion of haste {unknown}
 k - a potion of degeneration {unknown}
 l - a potion of cancellation {unknown}
 m - a potion of attraction {unknown}
 p - 3 potions of curing {unknown}
 q - a potion of brilliance {unknown}


   Skills:
 - Level 3.0 Fighting
 - Level 2.0 Long Blades
 + Level 6.8 Dodging
 - Level 3.0 Shields


You had 5 spell levels left.
You didn't know any spells.
Your spell library contained the following spells:

 Spells                   Type           Power      Damage    Failure   Level
 Tukima's Dance           Hex            0%         N/A       80%         3
 Passage of Golubria      Tloc           0%         N/A       99%         4
 Yara's Violent Unravell  Hex/Tmut       0%         3d3       100%        5


Dungeon Overview and Level Annotations

Branches:
Dungeon (4/15)
 Temple: D:4-7

Altars:
Xom

Shops:
D:1 !   D:2 !   D:4 ([(:(

Annotations:
D:3 2 runed translucent doors, AnyaLaVert's ghost, amateur HOFi


Innate Abilities, Weirdness & Mutations

You cannot wear most types of armour.
You are amphibious.
You can wear up to eight rings at the same time.
Your skin changes colour to match your surroundings (Stealth+).
Your rubbery body absorbs attacks. (AC +1, EV +1)
((You are camouflaged when in or above water. (Stealth+)))
You have tentacles for arms and can constrict up to eight enemies at once.


Message History

The kobold shouts!
You block the phantom's attack.
A worm comes into view.
You closely miss the phantom.
The phantom is moderately damaged.
The kobold hits you but does no damage. The phantom misses you.
The phantom completely misses you. The kobold misses you.
You slash the phantom!
The phantom is heavily damaged.
You block the kobold's attack. The phantom hits you.
The phantom blinks!
You blink.
You hit the kobold.
You kill the kobold!
The phantom hits you.
The phantom blinks!
You blink.
The phantom barely misses you. The phantom attacks as you move away!
The phantom hits you.
You closely miss the phantom.
The phantom is heavily damaged.
The phantom hits you.
You closely miss the phantom.
The phantom is heavily damaged.
The phantom barely misses you.
You hit the phantom but do no damage.
The phantom is heavily damaged.
The phantom hits you.
* * * LOW HITPOINT WARNING * * *
You slash the phantom! Your squeeze misses the phantom.
The phantom is severely damaged.
The phantom hits you.
* * * LOW HITPOINT WARNING * * *
The phantom hits you but does no damage.
You barely miss the phantom.
The phantom is severely damaged.
The phantom closely misses you.
You hit the phantom.
The phantom is severely damaged.
The phantom hits you!
* * * LOW HITPOINT WARNING * * *
The phantom hits you.
You die...

..## .. ...# . ##
#...# .### ###.>###
....# #...### ....#
.....# ##...#
#....### ######....#
#......###.........#
#...##......@W.....#
##...##.∩.#..##.....#
#..#........####..!.#
##..######...# #.)∩.#
##..## ##..# #....#
##..## #..# ##...#
#..## #..# #...# ..##
#..# #...# .## #..#
#...>


You could see a phantom.

Vanquished Creatures
  An ogre (D:4)
  A scorpion (D:4)
  A gnoll (D:1)
  4 adders
  2 worms (D:2)
  2 dart slugs
  5 orcs (D:3)
  5 ball pythons
  14 endoplasms
  2 giant cockroaches (D:2)
  A goblin (D:1)
  7 hobgoblins
  A quokka (D:3)
  6 bats
  6 frilled lizards
  8 kobolds
  4 rats
70 creatures vanquished.

Notes
Turn   | Place    | Note
-------+----------+-------------------------------------------
     0 | D:1      | Think the Octopode Fighter began the quest for the Orb.
     0 | D:1      | Reached XP level 1. HP: 16/16 MP: 1/1
   134 | D:1      | Reached XP level 2. HP: 10/21 MP: 2/2
   323 | D:1      | Found a faded altar of an unknown god.
   337 | D:1      | Prayed at the altar of an unknown god.
   337 | D:1      | Became a worshipper of Xom of Chaos
   345 | D:1      | XOM: butterfly on damage
   345 | D:1      | XOM: smoke on damage
   352 | D:1      | Reached skill level 4 in Dodging
   456 | D:1      | Reached XP level 3. HP: 26/26 MP: 3/3
   473 | D:1      | Found Uphesk's Distillery.
   643 | D:1      | XOM: divination: detect creatures
  1024 | D:2      | XOM: divination: magic mapping
  1210 | D:2      | Reached XP level 4. HP: 31/31 MP: 4/4
  1243 | D:2      | Found Surphuze's Distillery.
  1328 | D:2      | XOM: divination: detect items
  1472 | D:2      | Reached skill level 5 in Dodging
  1721 | D:3      | Found a runed translucent door.
  1881 | D:3      | XOM is BORED!
  1881 | D:3      | XOM: silly message
  1928 | D:3      | Noticed AnyaLaVert's ghost (amateur HOFi)
  1929 | D:3      | Noticed a bullfrog
  1976 | D:3      | Found a runed translucent door.
  2161 | D:4      | Found Qocau's Antique Weapon Shop.
  2162 | D:4      | Noticed a scorpion
  2168 | D:4      | Killed a scorpion
  2169 | D:4      | Reached XP level 5. HP: 28/36 MP: 5/5
  2213 | D:4      | Reached skill level 6 in Dodging
  2233 | D:4      | XOM: divination: detect creatures
  2300 | D:4      | Noticed an ogre
  2308 | D:4      | Killed an ogre
  2309 | D:4      | Reached XP level 6. HP: 14/42 MP: 6/6
  2347 | D:4      | XOM: 1-stop teleportation journey
  2444 | D:4      | Found Amuoviqu's Antique Weapon Boutique.
  2470 | D:4      | Found Jocuj's Antique Armour Boutique.
  2587 | D:4      | Found Leces's Book Shoppe.
  2588 | D:4      | XOM is BORED!
  2597 | D:4      | Found Ycefoh's Weapon Shoppe.
  2619 | D:4      | Slain by a phantom

Illustrated notes

Levels and vault maps discovered:
D:1:      scummos_arrival_simple_fountains, layout_basic,
          hellmonk_ecumenical_altar_lost_god, serial_shops, shop_statue,
          minmay_misc_feat_enclosed, grunt_decor_resistance
D:2:      layout_basic, serial_shops, shop
D:3:      layout_rooms, ebering_ghost_sewer_f, minmay_hedge_maze
D:4:      layout_layer_cave, marbit_many_paths, serial_shops, shop, shop,
          nicolae_shop_statue_plus, nicolae_shop_stone, nicolae_shop_stone

Skill      XL: |  1  2  3  4  5 |
---------------+----------------+-----
Dodging        | 4 5 6 |  6.8
Fighting       | |  3.0
Long Blades    | |  2.0
Shields        | |  3.0

Action                     |  1- 3 |  4- 6 || total
---------------------------+-------+-------++-------
  Melee: Long sword        |    65 |    78 ||   143
         Constrict         |    16 |    19 ||    35
         Tentacles         |    14 |    16 ||    30
         Punch             |     1 |     1 ||     2
    Use: Potion            |       |     1 ||     1
   Stab: Sleeping          |    11 |     8 ||    19
 Armour: Skin              |     7 |     3 ||    10
  Dodge: Dodged            |    35 |    47 ||    82
  Block: Buckler           |    13 |    18 ||    31

Table legend: (Time is in decaauts)
 A = Elapsed time spent in this place.
 B = Non-inter-level travel time spent in this place.
 C = Inter-level travel time spent in this place.
 D = Time resting spent in this place.
 E = Time spent auto-exploring this place.
 F = Levels seen in this place.
 G = Mean time per level.
                   A        B        C        D        E       F      G
               +--------+--------+--------+--------+--------+-----+--------+
         Total |   2666 |   2579 |     87 |    195 |   1487 |   4 |  666.5 |
       Dungeon |   2666 |   2579 |     87 |    195 |   1487 |   4 |  666.5 |
               +--------+--------+--------+--------+--------+-----+--------+

Top non-repeatable levels by time:
     D:1: 940 daAuts
     D:3: 644 daAuts
     D:2: 609 daAuts
     D:4: 472 daAuts
